 Dungeon Crawl Stone Soup version bcrawl-1.39.1 (webtiles) character file.

Game seed: 12562540013825452826

19516295 zoran the Slayer (level 27, 300/300 HPs)
             Began as a Demonspawn Wanderer on July 29, 2023.
             Was the Champion of Ru.
             Escaped with the Orb
             ... and 5 runes!
             The game lasted 03:27:01 (64237 turns).

zoran the Slayer (Demonspawn Wanderer)             Turns: 64237, Time: 03:27:01

Health: 300/300    AC: 38    Str: 21    XL:     27
Magic:  20/20      EV:  6    Int: 15    God:    Ru [******]
Gold:   1709       SH: 15    Dex: 18    Spells: 23/26 levels left

rFire    + + +     GDR:     43% a - +9 eveningstar
rCold    + + +     SeeInvis +   N - +0 medium shield of the Hot Ocelot {rC+ Dex+2} (curse)
rNeg     . . .     Gourm    .   n - +9 scales of the Dragon King {rPois rF+ rC+ MR+}
rPois    +         Faith    .   b - +2 hat
rElec    +         Spirit   .   D - scarf {rC+ rF+}
rCorr    +         Reflect  .   V - +2 pair of gloves
MR       +++..     Clarity  +   (boots unavailable)
Stlth    ..........             S - amulet of the acrobat
HPRegen  0.60/turn              M - ring of insulation
MPRegen  0.17/turn              x - ring of see invisible

@: resistant, studying 3 skills
A: hooves 3, iridescent scales 3, agile 1, blurry vision 1, clarity, clever 1,
deformed body, fire resistance 1, ignite blood, low mp 1, sense surroundings 2,
powered by death 3, robust 3, shaggy fur 1, weak 2, flame cloud immunity,
subdued magic 1, inability to use devices, unskilled 1, temperature sensitive
0: Orb of Zot
}: 5/15 runes: decaying, barnacled, slimy, silver, abyssal
a: Draw Out Power, Power Leap, Apocalypse, Renounce Religion


You escaped.
You worshipped Ru.
Ru was exalted by your worship.
You were not hungry.

You visited 10 branches of the dungeon, and saw 45 of its levels.
You visited the Abyss 1 time.
You visited 1 bazaar.
You also visited: Trove and Volcano.

You collected 8696 gold pieces.
You spent 6987 gold pieces at shops.

Inventory:

Hand Weapons
 a - a +9 eveningstar (weapon)
 g - the +8 flail of Inquiry {crush, +Fly rPois rF+ rC+}
   (You found it on level 2 of the Realm of Zot)

   It will always inflict at least some extra damage.
   This minimum extra damage increases with your current reserve of magical
   power.
   It protects you from fire.
   It protects you from cold.
   It protects you from poison.
   It lets you fly.
 u - a +0 blowgun
Missiles
 e - 258 steel javelins (quivered)
 q - 1364 javelins
 r - 266 javelins of penetration {=f}
 w - 279 poisoned tomahawks
 X - 8 throwing nets {=f}
Armour
 b - a +2 hat (worn)
 n - the +9 scales of the Dragon King (worn) {rPois rF+ rC+ MR+}
   (You bought it in a shop in the Orcish Mines)

   It protects you from fire.
   It protects you from cold.
   It protects you from poison.
   It affects your resistance to hostile enchantments.
 D - a scarf of resistance (worn)
 N - the cursed +0 medium shield of the Hot Ocelot (worn) {rC+ Dex+2}
   (You took it off Asterion on level 3 of the Depths)

   It affects your dexterity (+2).
   It protects you from cold.
   It has a curse placed upon it.
 V - a +2 pair of gloves (worn)
Jewellery
 l - an uncursed ring of protection from magic
 v - the ring "Xipun" {*Corrode rElec AC+3 Int+3 Dex+4}
   (You took it off a vampire on level 12 of the Dungeon)

   [ring of protection]

   It affects your AC (+3).
   It affects your intelligence (+3).
   It affects your dexterity (+4).
   It insulates you from electricity.
   It may corrode you when you take damage.
 x - a ring of see invisible (right hand)
 H - the ring of Xetuhah {rN+ Stlth--}
   (You found it on level 8 of the Dungeon)

   [ring of attention]

   It protects you from negative energy.
   It makes you much less stealthy.
 K - the ring of Ijogilygg {Fire rPois}
   (You found it on level 2 of the Lair of Beasts)

   [ring of fire]

   It enhances your fire magic.
   It protects you from fire.
   It makes you vulnerable to cold.
   It protects you from poison.
 M - a ring of insulation (left hand)
 P - an uncursed ring of ice
 Q - the ring "Ceweeteu" {Ice Str+4}
   (You took it off a yaktaur captain on level 3 of the Vaults)

   [ring of ice]

   It enhances your ice magic.
   It affects your strength (+4).
   It makes you vulnerable to fire.
   It protects you from cold.
 S - an amulet of the acrobat (around neck)
 T - the ring of Pimynig {+Fly rC++ MR- AC+1 SInv}
   (You found it on level 5 of the Pits of Slime)

   [ring of protection]

   It affects your AC (+1).
   It greatly protects you from cold.
   It affects your resistance to hostile enchantments.
   It lets you see invisible.
   It lets you fly.
 U - an uncursed ring of resist corrosion
Scrolls
 i - 2 scrolls of revelation
 m - 12 scrolls of teleportation
 o - 3 scrolls of silence
 t - 3 scrolls of enchant armour
 C - 2 scrolls of summoning
 E - 8 scrolls of blinking
 F - 4 scrolls of fog
 I - 2 scrolls of vulnerability
 J - 5 scrolls of immolation
 W - 2 scrolls of torment
 Y - 33 scrolls of remove curse
 Z - 11 scrolls of fear
Potions
 c - 21 potions of curing
 d - 7 potions of mutation
 f - 2 potions of cancellation
 h - 12 potions of heal wounds
 j - 9 potions of brilliance
 k - a potion of haste
 y - 2 potions of ambrosia
 z - 4 potions of invisibility
 A - 3 potions of magic
 B - 6 potions of agility
 G - 2 potions of might
 L - 2 potions of flight
 O - 10 potions of lignification
 R - a potion of resistance
Comestibles
 s - 49 rations {!d}


   Skills:
 - Level 22.0 Fighting
 + Level 16.9 Maces & Flails
   Level 0.8 Polearms
 - Level 18.0 Throwing
 - Level 20.0 Armour
 - Level 5.0 Dodging
 - Level 15.0 Stealth
 - Level 18.0 Shields


You had 23 spell levels left.
You knew the following spells:

 Your Spells              Type           Power        Failure   Level  Hunger
r - Regeneration          Chrm/Necr      #.........   100%        3    #####..

Your spell library contained the following spells:

 Spells                   Type           Power        Failure   Level  Hunger
 Corona                   Hex            #......      100%        1    None
 Freeze                   Ice            #.....       100%        1    None
 Infusion                 Chrm           #.......     100%        1    None
 Magic Dart               Conj           #...         100%        1    None
 Necrotize                Necr           #.....       100%        1    None
 Static Discharge         Air            #.....       100%        1    None
 Sting                    Conj/Pois      #...         100%        1    None
 Summon Small Mammal      Summ           #...         100%        1    None
 Call Imp                 Summ           #.....       100%        2    ####...
 Corpse Rot               Necr           N/A          100%        2    ####...
 Passwall                 Tmut/Erth      #.......     100%        2    ####...
 Searing Ray              Conj           #.......     100%        2    ####...
 Shackle                  Hex            #.......     100%        2    ####...
 Shock                    Conj/Air       #......      100%        2    ####...
 Song of Slaying          Chrm           #.......     100%        2    ####...
 Sublimation of Blood     Necr           #.........   100%        2    ####...
 Swiftness                Chrm/Air       #.......     100%        2    ####...
 Throw Frost              Conj/Ice       #.....       100%        2    ####...
 Call Canine Familiar     Summ           #.......     100%        3    #####..
 Conjure Flame            Conj/Fire      #.......     100%        3    #####..
 Dazzling Orbs            Conj/Hex       #......      100%        3    #####..
 False Image              Hex/Summ       #.......     100%        3    #####..
 Inner Flame              Hex/Fire       N/A          100%        3    #####..
 Iskenderun's Mystic Bla  Conj           #.......     100%        3    #####..
 Mephitic Cloud           Conj/Pois/Air  #.......     100%        3    #####..
 Ozocubu's Armour         Chrm/Ice       #.......     100%        3    #####..
 Spectral Weapon          Hex/Chrm       #.......     100%        3    #####..
 Spider Form              Tmut/Pois      #..          100%        3    #####..
 Stone Arrow              Conj/Erth      #.....       100%        3    #####..
 Vampiric Draining        Necr           #.........   100%        3    #####..
 Agony                    Necr           #.......     100%        4    ######.
 Animate Dead             Necr           N/A          100%        4    ######.
 Cause Fear               Hex            #.........   100%        4    ######.
 Fulminant Prism          Conj/Hex       #.........   100%        4    ######.
 Ice Form                 Ice/Tmut       #.......     100%        4    ######.
 Lightning Bolt           Conj/Air       #.......     100%        4    ######.
 Summon Ice Beast         Ice/Summ       #.......     100%        4    ######.
 Throw Icicle             Conj/Ice       #.......     100%        4    ######.
 Tree Form                Hex/Tmut       N/A          100%        4    ######.
 Yara's Violent Unravell  Hex/Tmut       #.........   100%        4    ######.
 Bolt of Draining         Conj/Necr      #.........   100%        5    #######
 Bolt of Magma            Conj/Fire/Erth #.........   100%        5    #######
 Dispel Undead            Necr           #.......     100%        5    #######
 Fireball                 Conj/Fire      #.........   100%        5    #######
 Irradiate                Conj/Tmut      #.........   100%        5    #######
 Lee's Rapid Deconstruct  Erth           #.........   100%        5    #######
 Piercing Shot            Chrm           #.........   100%        5    #######
 Steam Barrier            Chrm/Fire      #.........   100%        5    #######
 Summon Lightning Spire   Summ/Air       #.......     100%        5    #######
 Summon Mana Viper        Hex/Summ       #.......     100%        5    #######
 Bolt of Fire             Conj/Fire      #.........   100%        6    #######
 Borgnjor's Vile Clutch   Necr/Erth      #.........   100%        6    #######
 Conjure Ball Lightning   Conj/Air       #.........   100%        6    #######
 Darkness                 Hex            #.........   100%        6    #######
 Deflect Missiles         Chrm/Air       #.........   100%        6    #######
 Infestation              Hex/Tmut/Pois  #........    100%        6    #######
 Invisibility             Hex            #.......     100%        6    #######
 Statue Form              Tmut/Erth      #........    100%        6    #######
 Summon Hydra             Summ           #.........   100%        6    #######
 Dragon Form              Tmut           #......      100%        7    #######
 Icicle Burst             Conj/Ice       #.........   100%        7    #######
 Monstrous Menagerie      Summ           #.........   100%        7    #######
 Orb of Destruction       Conj           #.........   100%        7    #######
 Chain Lightning          Conj/Air       #.........   100%        8    #######
 Glaciate                 Conj/Ice/Air   #.........   100%        8    #######
 Ignition                 Fire           #.........   100%        8    #######
 Lehudib's Crystal Spear  Conj/Erth      #.........   100%        8    #######
 Necromutation            Tmut/Necr      #.......     100%        8    #######
 Dragon's Call            Summ           #.........   100%        9    #######
 Fire Storm               Conj/Fire      #.........   100%        9    #######
 Passage of Golubria      Tloc           Unusable     N/A         5    N/A

Dungeon Overview and Level Annotations

Branches:
Dungeon (12/12)            Temple (0/1) D:7            Lair (6/6) D:9
  Swamp (3/3) Lair:2       Shoals (3/3) Lair:3        Slime (5/5) Orc
    Orc (1/1) D:10            Elf (2/3) Lair:5       Vaults (3/3) D:11
  Crypt (0/2) Vaults:1     Depths (5/5) D:12            Zot (5/5) Depths:5

Altars:
Ashenzari
Fedhas
Lugonu
Nemelex Xobeh
Qazlal
Ru
Sif Muna
Trog
Xom
Yredelemnul
Jiyva

Shops:
D:8 :!   D:10 *   Orc [*%?!*?*!   Vaults:2 !   Depths:4 %!*

Portals:
Hell: Depths:1 Depths:2 Depths:3 Depths:4 Depths:5
Abyss: Lair:2 Depths:1 Depths:4
Pandemonium: Depths:3
Ziggurat: Depths:1

Annotations:
Lair:5 3 runed translucent doors, yrara's ghost, journeyman GrFi
Depths:3 1 runed door


Innate Abilities, Weirdness & Mutations

You have hooves in place of feet.
You are completely covered in iridescent scales. (AC +6)
Your flesh is heat resistant. (rF+)
Your demonic aura causes spilled blood to erupt in flames.
You regenerate a lot of health from kills.
You are extremely robust. (+30% HP)
You are immune to clouds of flame.
You cannot study or use magical devices.
You are somewhat unskilled. (-1 Apt)
You are sensitive to extremes of temperature. (rF-, rC-)
You are agile. (Dex +2)
Scrolls take you a little longer to read.
You possess an exceptional clarity of mind.
Your mind is acute. (Int +2)
Armour fits poorly on your strangely shaped body.
Your magical capacity is low. (-10% MP)
You passively map the area around you.
You are covered in fur. (AC +1)
You are very weak. (Str -4)
Your spells are a little easier to cast, but a little less powerful.


Message History

You hit the sixfirhy.
The sixfirhy is almost dead.
The orange demon stings you from afar!
You miss the sixfirhy. You kick the sixfirhy.
The sixfirhy is almost dead.
You puncture the sixfirhy!
You kill the sixfirhy!
You block the orange demon's attack.
You skewer the orange demon like a kebab!!!
You kick the orange demon, but do no damage.
The orange demon is severely wounded.
The orange demon stings you. You block the orange demon's attack.
You pound the orange demon like an anvil!!!
You kill the orange demon!
You are no longer corroded.
Your extra speed is starting to run out.
You feel yourself slow down.
There is a staircase leading out of the dungeon here.
The power of the Orb breaks the dimensional shunt like a soap bubble!
You have escaped!

#.#############
#.# #.# #.# #.#
#.# ##.##
####...####
#..#...#@.#
#.##...##.#
#.........#
####.#.####
#.#.#.#.#
#...'...#
#########


There were no monsters in sight!

Vanquished Creatures
  the Royal Jelly (Slime:5)
  4 juggernauts
  4 orbs of fire (Zot:5)
  4 ancient liches (Zot:5)
  7 Killer Klowns
  Boris (Vaults:2)
  7 golden dragons
  Gastronok (D:10)
  3 curse toes
  2 caustic shrikes
  5 rockslimes
  A bone dragon (Depths:4)
  3 Orb Demons
  3 electric golems
  Frances (Shoals:1)
  3 hellephants
  Rupert (Lair:5)
  28 Orb Guardians
  17 tentacled monstrosities
  A titan (Vaults:3)
  2 wendigos (Depths:4)
  5 liches
  Asterion (Depths:3)
  6 quicksilver dragons
  A deep elf blademaster (Elf:2)
  18 acid blobs
  Polyphemus (Shoals:3)
  4 sphinxes
  3 tentacled starspawn
  7 death cobs
  5 shadow dragons
  An Executioner (Abyss:5)
  Kirke (Lair:5)
  6 draconian monks
  Ilsuiw (Shoals:2)
  4 draconian knights (Zot:5)
  2 thorn hunters
  9 tengu reavers
  14 azure jellies
  10 frost giants
  10 storm dragons
  9 fire giants
  3 iron dragons
  A war gargoyle (Vaults:3)
  3 ghost moths
  A ghost moth (shapeshifter) (Depths:1)
  A revenant (Abyss:3)
  Aizul (Shoals:3)
  7 draconian annihilators
  9 draconian shifters
  18 vault wardens
  A cacodemon (D:1)
  4 spectral caustic shrikes (Depths:5)
  A deep elf sorcerer (Vaults:3)
  2 draconian stormcallers
  14 ironheart preservers
  25 stone giants
  4 spriggan defenders
  2 eyes of devastation
  2 draconian scorchers (Zot:2)
  8 very ugly things
  14 green draconians
  2 deep elf demonologists
  7 black draconians
  3 vampire knights (Depths:2)
  An entropy weaver (Vaults:2)
  8 red draconians
  A deep elf annihilator (Vaults:3)
  5 dire elephants (Abyss:5)
  An eidolon (Vaults:1)
  A black sun (Zot:4)
  10 purple draconians
  7 white draconians
  9 yellow draconians
  7 spark wasps
  5 deep elf death magi
  6 merfolk javelineers
  9 ettins
  10 merfolk impalers
  Urug (Lair:5)
  14 yaktaur captains
  A crystal guardian (Vaults:3)
  9 fire dragons
  2 deep elf high priests
  5 ice dragons
  6 rakshasas
  A hell beast (Depths:3)
  5 spriggan air magi
  7 shambling mangroves
  17 vault guards
  19 hydras
  A catoblepas (Shoals:3)
  3 merfolk avatars
  A ghost crab (Swamp:3)
  An alligator snapping turtle (Shoals:3)
  5 merfolk aquamancers
  A shadow wraith (Vaults:3)
  13 great orbs of eyes
  25 dancing weapons
  6 alligators
  A death knight (Vaults:1)
  8 deep troll earth magi
  10 death oozes
  A sea snake (shapeshifter) (Depths:4)
  24 two-headed ogres
  13 ogre magi
  9 deep troll shamans
  8 death yaks
  2 tengu warriors
  A satyr (Shoals:3)
  A hell hog (Abyss:3)
  9 thrashing horrors (Abyss:3)
  5 orc high priests (Orc)
  3 vampire magi
  9 sea snakes
  2 spriggan berserkers (Depths:2)
  2 ancient automatons (Slime:1)
  A shock serpent (shapeshifter) (Elf:1)
  3 soul eaters
  19 deep elf knights
  3 wretched stars (Abyss:3)
  22 deep trolls
  A sixfirhy (D:1)
  4 sun demons (Volcano)
  2 iron trolls
  12 hell knights
  A salamander mystic (Depths:5)
  24 centaur warriors
  5 glowing orange brains
  A spriggan druid (Swamp:1)
  A skeletal warrior (Vaults:1)
  3 unseen horrors (D:11)
  2 unseen horrors (shapeshifter) (Vaults:1)
  A gelid demonspawn (Depths:1)
  14 large abominations
  An infernal demonspawn (D:5)
  A death drake (Swamp:2)
  An anaconda zombie (Abyss:5)
  10 wizards
  7 swamp dragons
  A wolf spider zombie (D:10)
  3 phantasmal warriors (Vaults:3)
  5 ironheart convokers
  46 deep elf magi
  A lindwurm (Lair:6)
  A torturous demonspawn (Zot:4)
  A wolf spider (Lair:6)
  21 harpies
  A harpy (shapeshifter) (Vaults:2)
  3 orc knights
  4 shining eyes
  12 deep elf archers
  5 cyclopes
  12 manticores
  26 ugly things
  7 necromancers
  A mana viper (shapeshifter) (Elf:1)
  3 salamanders
  A moth of wrath (shapeshifter) (Depths:3)
  4 oklob plants
  5 fauns
  An iron dragon skeleton (Abyss:3)
  16 moths of wrath
  5 torpor snails
  13 black mambas
  13 vault sentinels
  7 merfolk sirens
  A rust devil (Abyss:3)
  14 elephants
  A guardian serpent (Lair:6)
  3 water nymphs
  A water nymph (shapeshifter) (Vaults:3)
  A torpor snail (shapeshifter) (Vaults:2)
  2 orange demons
  3 smoke demons
  7 cane toads
  An efreet (Abyss:3)
  A rime drake (Lair:6)
  A hellion (Depths:1)
  An eye of draining (shapeshifter) (Vaults:1)
  A demonic crawler (Abyss:3)
  2 hellwings
  5 freezing wraiths
  6 komodo dragons
  An eye of draining (D:12)
  An ancient zyme (Abyss:5)
  2 tormentors
  33 yaktaurs
  A kobold demonologist (D:4)
  A yaktaur skeleton (Vaults:1)
  A tengu conjurer (Elf:1)
  2 ice devils
  18 merfolk
  A queen bee (D:10)
  5 trolls
  10 wind drakes
  6 red devils
  9 tyrant leeches
  128 slime creatures
  7 dream sheep
  A polar bear (Lair:4)
  10 hippogriffs
  3 blink frogs (Lair:2)
  3 harpy skeletons (D:11)
  29 hornets
  8 snapping turtles
  4 bog bodies
  A fire giant simulacrum (Vaults:1)
  3 human simulacra
  10 raiju
  Grum (D:9)
  4 air elementals
  A shadow (Vaults:1)
  A vampire (D:12)
  15 starcursed masses (Abyss:3)
  6 spriggans
  10 wyverns
  A wyvern (shapeshifter) (Vaults:3)
  3 wraiths
  3 ynoxinuls
  32 water elementals
  2 small abominations (Abyss:3)
  4 fire elementals
  54 yaks
  An elf zombie (Vaults:1)
  A basilisk (shapeshifter) (Vaults:1)
  5 hogs (Lair:5)
  6 steam dragons
  2 neqoxecs
  A golden eye (Slime:5)
  9 vampire mosquitoes
  2 basilisks
  3 redbacks (Lair:6)
  A spatial vortex (Abyss:5)
  A steam dragon (shapeshifter) (Depths:2)
  2 chaos spawn
  A hungry ghost (D:6)
  14 swamp worms
  2 wargs (D:10)
  An elf skeleton (Vaults:1)
  An acid dragon (D:10)
  12 crocodiles
  12 hell hounds
  A sky beast (D:8)
  11 porcupines
  18 water moccasins
  A floating eye (Depths:5)
  An ice beast (D:12)
  2 floating eyes (shapeshifter)
  3 human skeletons (Vaults:1)
  A soldier ant (D:12)
  A meliai simulacrum (D:12)
  A soldier ant (shapeshifter) (Depths:4)
  21 swamp drakes
  A phantom (D:6)
  A black bear (shapeshifter) (D:11)
  29 orc warriors
  4 black bears
  2 necrophages
  An alligator simulacrum (Abyss:3)
  34 ogres
  2 human zombies (Vaults:1)
  9 wolves
  An ettin simulacrum (Vaults:1)
  15 boggarts
  13 bullfrogs
  2 kobold brigands
  A yaktaur zombie (Vaults:1)
  15 centaurs
  2 earth elementals (Elf:1)
  3 scorpions
  25 killer bees (D:10)
  5 electric eels
  A howler monkey (D:8)
  25 orc priests
  6 crimson imps
  6 hounds
  7 jellies
  3 quasits
  An iron imp (Abyss:3)
  4 bullfrog skeletons
  A yaktaur simulacrum (Vaults:1)
  Crazy Yiuf (D:6)
  14 orc wizards
  5 iguanas
  A hell rat (Lair:5)
  5 worker ants
  3 hound zombies
  A hound skeleton (D:7)
  8 gnolls
  4 adders
  3 shadow imps
  3 oozes (Depths:2)
  An adder skeleton (D:8)
  An adder zombie (D:5)
  3 worms
  A dart slug (D:1)
  7 leopard geckos
  54 orcs
  6 bats
  4 giant cockroaches
  10 hobgoblins
  8 jackals
  3 quokkas
  3 ball pythons
  4 frilled lizards
  7 goblins
  19 kobolds
  11 rats
  A bush (Lair:2)
  13 butterflies (Depths:1)
  5 fungi
  A lurking horror (Lair:2)
  21 plants
  2 starspawn tentacles (Abyss:5)
2114 creatures vanquished.

Vanquished Creatures (collateral kills)
  A lich (Vaults:3)
  A fire giant (Vaults:3)
  2 ironheart preservers (Vaults:3)
4 creatures vanquished.

Vanquished Creatures (others)
  A rockslime (Zot:1)
  3 acid blobs (Slime:5)
  A thorn hunter (Swamp:2)
  A storm dragon (Zot:5)
  2 azure jellies (Slime:5)
  A fire giant (Vaults:1)
  A vault warden (Vaults:2)
  2 draconian shifters
  A draconian scorcher (Zot:5)
  An ironheart preserver (Vaults:3)
  2 stone giants
  A spark wasp (Depths:4)
  A dire elephant (Abyss:5)
  A merfolk javelineer (Shoals:3)
  A fire dragon (Depths:1)
  An ice dragon (Depths:2)
  20 vault guards (Vaults:3)
  A hydra (Swamp:3)
  2 two-headed ogres
  2 death oozes
  An ancient automaton (Slime:1)
  A dancing weapon (Elf:2)
  2 death yaks (D:9)
  A centaur warrior (Vaults:3)
  A spatial maelstrom (Depths:4)
  An orc knight (Orc)
  A deep elf archer (Elf:1)
  A harpy (Shoals:2)
  A manticore (Shoals:1)
  2 ugly things (Vaults:3)
  3 deep elf magi (Elf:1)
  An apocalypse crab (Abyss:3)
  5 moths of wrath
  A black mamba (Lair:3)
  A torpor snail (Lair:6)
  2 yaktaurs
  A tengu conjurer (Vaults:1)
  2 hornets
  A tyrant leech (Swamp:2)
  A blink frog (shapeshifter) (Depths:2)
  5 slime creatures
  A wyvern (Lair:6)
  A spriggan (Depths:3)
  2 water elementals
  A golden eye (Abyss:3)
  A water moccasin (Lair:6)
  A swamp drake (Swamp:3)
  A sky beast (D:6)
  An ice beast (D:7)
  2 ogres (Vaults:3)
  A small abomination (Zot:5)
  A gnoll (D:7)
  A white imp (Zot:5)
  An orc (D:4)
  53 fungi
  A lurking horror (Lair:2)
  82 plants
  5 starspawn tentacles
237 creatures vanquished.

Grand Total: 2355 creatures vanquished

Notes
Turn   | Place    | Note
-------+----------+-------------------------------------------
     0 | D:1      | zoran the Demonspawn Wanderer began the quest for the Orb.
     0 | D:1      | zoran set off with the following items: a +2 dagger, 115
                  | poisoned tomahawks, a potion of curing, a +0 spear, a
                  | ration {!d}, a +0 robe
     0 | D:1      | Reached XP level 1. HP: 16/16 MP: 1/1
   200 | D:1      | Gained mutation: Your flesh is heat resistant. (rF+)
                  | [demonic ancestry]
   200 | D:1      | Reached XP level 2. HP: 22/22 MP: 2/2
   524 | D:1      | Gained mutation: You have large cloven feet. [demonic
                  | ancestry]
   524 | D:1      | Reached XP level 3. HP: 28/28 MP: 3/3
  1608 | D:3      | Reached skill level 3 in Fighting
  1608 | D:3      | Reached XP level 4. HP: 35/35 MP: 4/4
  1936 | D:3      | Gained mutation: You regenerate a little health from kills.
                  | [demonic ancestry]
  1936 | D:3      | Reached XP level 5. HP: 30/41 MP: 5/5
  2710 | D:4      | Reached skill level 4 in Fighting
  2793 | D:4      | Reached XP level 6. HP: 46/48 MP: 6/6
  2988 | D:4      | Found a transporter.
  3006 | D:4      | Found a sacrificial altar of Ru.
  3034 | D:4      | Became a worshipper of Ru the Awakened
  3045 | D:4      | Found a transporter.
  3061 | D:4      | Reached skill level 5 in Fighting
  3177 | D:4      | Gained mutation: You have hoof-like feet. [demonic
                  | ancestry]
  3177 | D:4      | Reached XP level 7. HP: 40/56 MP: 7/7
  3286 | D:4      | Noticed a kobold demonologist
  3443 | D:4      | Found a blossoming altar of Fedhas.
  3527 | D:4      | Noticed a ynoxinul
  3607 | D:4      | Killed a kobold demonologist
  3697 | D:5      | Entered Level 5 of the Dungeon
  3964 | D:5      | Reached skill level 5 in Throwing
  3990 | D:5      | Gained mutation: You are immune to clouds of flame.
                  | [demonic ancestry]
  3990 | D:5      | Reached XP level 8. HP: 32/62 MP: 8/8
  4144 | D:5      | Reached skill level 5 in Maces & Flails
  4307 | D:5      | Found a bloodstained altar of Trog.
  4535 | D:6      | Gained mutation: You are sensitive to extremes of
                  | temperature. (rF-, rC-) [Ru sacrifice]
  4535 | D:6      | Reached * piety under Ru
  4535 | D:6      | Reached ** piety under Ru
  4535 | D:6      | Reached *** piety under Ru
  4690 | D:6      | Reached skill level 6 in Fighting
  4835 | D:6      | Noticed a troll
  5014 | D:6      | Killed a troll
  5015 | D:6      | Gained mutation: Your demonic aura causes spilled blood to
                  | erupt in flames. [demonic ancestry]
  5015 | D:6      | Reached XP level 9. HP: 62/71 MP: 9/9
  5109 | D:6      | Found a runed door.
  5165 | D:6      | Found a white marble altar of Elyvilon.
  5248 | D:6      | Reached skill level 7 in Fighting
  5433 | D:7      | Noticed a centaur warrior
  5583 | D:6      | Noticed Crazy Yiuf
  5586 | D:6      | Killed Crazy Yiuf
  5991 | D:7      | Found a stormy altar of Qazlal.
  6110 | D:7      | Reached skill level 8 in Fighting
  6183 | D:7      | Killed a centaur warrior
  6414 | D:7      | Found a stormy altar of Qazlal.
  6434 | D:7      | Found a shattered altar of Ashenzari.
  6486 | D:7      | Found a glowing golden altar of the Shining One.
  6561 | D:7      | Reached skill level 9 in Fighting
  6565 | D:7      | Found a sparkling altar of Nemelex Xobeh.
  6797 | D:7      | Found a staircase to the Ecumenical Temple.
  6974 | D:7      | Gained mutation: You have hooves in place of feet. [demonic
                  | ancestry]
  6974 | D:7      | Reached XP level 10. HP: 51/83 MP: 10/10
  7221 | D:8      | Got a clouded lead ring
  7248 | D:8      | Gained mutation: You cannot study or use magical devices.
                  | [Ru sacrifice]
  7248 | D:8      | Reached **** piety under Ru
  7248 | D:8      | Reached ***** piety under Ru
  7594 | D:8      | Found Egyfed's Distillery.
  7601 | D:8      | Bought a potion of haste for 150 gold pieces
  7601 | D:8      | Bought a potion of mutation for 120 gold pieces
  7601 | D:8      | Bought a potion of heal wounds for 75 gold pieces
  7601 | D:8      | Bought a potion of heal wounds for 75 gold pieces
  8000 | D:8      | Found Boaz's Book Boutique.
  8006 | D:8      | Identified the cursed ring of Xetuhah {rN+ Stlth--} (You
                  | found it on level 8 of the Dungeon)
  8062 | D:9      | Noticed a death yak
  8062 | D:9      | Noticed a death yak
  8077 | D:9      | Killed a death yak
  8078 | D:9      | Reached skill level 10 in Fighting
  8091 | D:9      | Killed a death yak
  8092 | D:9      | Reached skill level 10 in Maces & Flails
  8482 | D:9      | Noticed Grum
  8493 | D:9      | Noticed a death yak
  8610 | D:9      | Found a staircase to the Lair.
  8612 | D:9      | Noticed a death yak
  8612 | D:9      | Noticed a death yak
  8612 | D:9      | Noticed a death yak
  8613 | D:9      | Noticed a death yak
  8642 | D:9      | Killed a death yak
  8647 | D:9      | Killed a death yak
  8648 | D:9      | Reached skill level 5 in Armour
  8648 | D:9      | Gained mutation: You regenerate health from kills. [demonic
                  | ancestry]
  8648 | D:9      | Reached XP level 11. HP: 71/92 MP: 11/11
  8650 | D:9      | Killed a death yak
  8651 | D:9      | Reached skill level 11 in Fighting
  8839 | D:9      | Found a shimmering blue altar of Sif Muna.
  8992 | D:9      | Killed Grum
  9004 | D:9      | Killed a death yak
  9605 | Lair:1   | Entered Level 1 of the Lair of Beasts
  9634 | Lair:1   | Reached skill level 12 in Fighting
  9657 | Lair:1   | Got a transparent chain mail
  9668 | Lair:1   | Identified the cursed +1 chain mail "Beesufab" {*Contam
                  | rElec rCorr Int+8} (You found it on level 1 of the Lair of
                  | Beasts)
  9882 | Lair:1   | Gained mutation: You are somewhat unskilled. (-1 Apt) [Ru
                  | sacrifice]
  9882 | Lair:1   | Reduced skill Fighting to level 11
  9882 | Lair:1   | Reduced skill Dodging to level 1
  9882 | Lair:1   | Reached ****** piety under Ru
  9976 | Lair:1   | Noticed a six-headed hydra
  9983 | Lair:1   | Killed a six-headed hydra
 10669 | Lair:2   | Reached skill level 5 in Stealth
 11024 | Lair:2   | Reached XP level 12. HP: 99/100 MP: 12/12
 11100 | Lair:2   | Got a clouded granite ring
 11213 | Lair:2   | Noticed a five-headed hydra
 11219 | Lair:2   | Killed a five-headed hydra
 11351 | Lair:2   | Found a corrupted altar of Lugonu.
 11353 | Lair:2   | Found a one-way gate to the infinite horrors of the Abyss.
 11706 | Lair:2   | Found a staircase to the Swamp.
 11808 | Lair:3   | Found a staircase to the Shoals.
 11811 | Lair:3   | Found a runed door.
 12746 | Lair:3   | Identified the ring of Ijogilygg {Fire rPois} (You found it
                  | on level 2 of the Lair of Beasts)
 12944 | Lair:4   | Reached skill level 10 in Throwing
 13639 | Lair:4   | Noticed a five-headed hydra
 13647 | Lair:4   | Killed a five-headed hydra
 13648 | Lair:4   | Reached skill level 5 in Armour
 14218 | Lair:5   | Found a runed translucent gate.
 14218 | Lair:5   | Found a runed translucent gate.
 14218 | Lair:5   | Found a runed translucent gate.
 14219 | Lair:5   | Noticed yrara's ghost (journeyman GrFi)
 14417 | Lair:5   | Found a staircase to the Elven Halls.
 14423 | Lair:5   | Noticed Urug
 14424 | Lair:5   | Noticed Rupert
 14427 | Lair:5   | Reached XP level 13. HP: 106/106 MP: 4/13
 14428 | Lair:5   | Killed Urug
 14438 | Lair:5   | Killed Rupert
 14444 | Lair:5   | Noticed Kirke
 14459 | Lair:5   | Killed Kirke
 14908 | Lair:6   | Entered Level 6 of the Lair of Beasts
 15114 | Lair:6   | Got a heavily runed scale mail
 15207 | Lair:6   | Reached skill level 10 in Maces & Flails
 15245 | Lair:6   | Found a basalt altar of Yredelemnul.
 15330 | Lair:6   | Found a runed door.
 15338 | Lair:6   | Reached skill level 12 in Fighting
 15347 | Lair:6   | Reached skill level 5 in Dodging
 15797 | Lair:6   | Gained mutation: You are robust. (+10% HP) [demonic
                  | ancestry]
 15797 | Lair:6   | Reached XP level 14. HP: 61/126 MP: 5/14
 17431 | D:10     | Entered Level 10 of the Dungeon
 17431 | D:10     | Found Daudu Jedywk's Lightly-Used Armoury.
 18295 | D:10     | Found a staircase to the Orcish Mines.
 18356 | D:10     | Bought -3 pearl dragon scales for 1105 gold pieces
 18372 | D:10     | Gained mutation: Armour fits poorly on your strangely
                  | shaped body. [mutagenic glow]
 18378 | D:10     | Identified the +6 scale mail of Retzawor {*Drain rElec rN++
                  | Stlth+} (You found it on level 6 of the Lair of Beasts)
 18463 | D:11     | Lost mutation: Armour fits poorly on your strangely shaped
                  | body. [potion of mutation]
 18463 | D:11     | Gained mutation: You are weak. (Str -2) [potion of
                  | mutation]
 18463 | D:11     | Gained mutation: Your spells are a little harder to cast,
                  | but a little more powerful. [potion of mutation]
 18463 | D:11     | Gained mutation: You are agile. (Dex +2) [potion of
                  | mutation]
 18741 | D:11     | Identified the +1 robe "Xomui" {rElec rC+}
 18784 | D:11     | Found a gate to the Vaults.
 18855 | D:11     | Reached skill level 13 in Fighting
 18856 | D:11     | Noticed a stone giant
 19234 | D:11     | Noticed Gastronok
 19277 | D:10     | Killed Gastronok
 19501 | D:11     | Found a portal to a secret trove of treasure.
 19544 | D:10     | Learned a level 3 spell: Regeneration
 19611 | Orc      | Entered the Orcish Mines
 19621 | Orc      | Found Gure's Distillery.
 19628 | Orc      | Bought a potion of invisibility for 104 gold pieces
 19680 | Orc      | Found a dark tunnel.
 19699 | Volcano  | Entered a volcano
 20027 | Volcano  | Reached skill level 10 in Armour
 20345 | Orc      | Found Ytawkol's General Store.
 20375 | Orc      | Bought a scroll of identify for 26 gold pieces
 20375 | Orc      | Bought a scroll of enchant weapon for 97 gold pieces
 20416 | Orc      | Found Cevabum's Assorted Antiques.
 20424 | Orc      | Bought a scroll of identify for 58 gold pieces
 20424 | Orc      | Bought a scroll labeled ETHRAZ YCHEOHEKH for 29 gold pieces
 20516 | Orc      | Found Jiomia's Magic Scroll Shoppe.
 20528 | Orc      | Bought a scroll of identify for 32 gold pieces
 20528 | Orc      | Bought a scroll of identify for 32 gold pieces
 20528 | Orc      | Bought a scroll of identify for 32 gold pieces
 20556 | Orc      | Reached XP level 15. HP: 111/136 MP: 6/15
 20602 | Orc      | Found Mas Gyx's Distillery.
 21011 | Orc      | Found a viscous altar of Jiyva.
 21012 | Orc      | Found a staircase to the Slime Pits.
 21359 | Orc      | Found Uttyli's Magic Scroll Boutique.
 21359 | Orc      | Found Zaroiv's Food Boutique.
 21360 | Orc      | Found Vyammosit's Assorted Antiques.
 21360 | Orc      | Found Wubutito's Armour Boutique.
 21367 | Orc      | Bought a scroll of identify for 28 gold pieces
 21367 | Orc      | Bought a scroll of identify for 28 gold pieces
 21367 | Orc      | Bought a scroll of identify for 28 gold pieces
 21371 | Orc      | Bought a scroll of identify for 54 gold pieces
 21371 | Orc      | Bought a scroll labeled SANOT DEJOI for 27 gold pieces
 22070 | D:10     | Bought a -3 eveningstar for 26 gold pieces
 22217 | Swamp:1  | Entered Level 1 of the Swamp
 22561 | Swamp:1  | Noticed a thorn hunter
 22578 | Swamp:1  | Killed a thorn hunter
 22579 | Swamp:1  | Reached skill level 14 in Fighting
 22981 | Swamp:2  | Noticed a thorn hunter
 22984 | Swamp:2  | Noticed a thorn hunter
 23018 | Swamp:2  | Killed a thorn hunter
 23266 | Swamp:2  | Lost mutation: Your spells are a little harder to cast, but
                  | a little more powerful. [potion of mutation]
 23266 | Swamp:2  | Gained mutation: You possess an exceptional clarity of
                  | mind. [potion of mutation]
 23266 | Swamp:2  | Gained mutation: Your mind is acute. (Int +2) [potion of
                  | mutation]
 23266 | Swamp:2  | Gained mutation: You passively map a small area around you.
                  | [potion of mutation]
 23266 | Swamp:2  | Gained mutation: You are covered in fur. (AC +1) [potion of
                  | mutation]
 23598 | Swamp:2  | Killed a thorn hunter
 24235 | Swamp:2  | Found a bloodstained altar of Trog.
 24608 | Swamp:3  | Entered Level 3 of the Swamp
 25217 | Swamp:3  | Reached skill level 15 in Fighting
 25217 | Swamp:3  | Reached XP level 16. HP: 148/148 MP: 16/16
 25625 | Swamp:3  | Reached XP level 17. HP: 102/155 MP: 17/17
 26158 | Swamp:3  | Got a decaying rune of Zot
 27245 | D:12     | Entered Level 12 of the Dungeon
 27415 | D:12     | Identified the ring "Xipun" {*Corrode rElec AC+3 Int+3
                  | Dex+4}
 27881 | D:12     | Found a staircase to the Depths.
 28397 | D:12     | Reached skill level 15 in Maces & Flails
 28608 | Vaults:1 | Entered Level 1 of the Vaults
 28981 | Vaults:1 | Found a staircase to the Crypt.
 30340 | Vaults:1 | Reached XP level 18. HP: 119/163 MP: 9/18
 30726 | Vaults:1 | Identified the +1 mace "Exiasseh" {crush, rF+++ rC- MP+9
                  | Stlth+}
 32273 | Vaults:2 | Found Biebejor's Distillery.
 32321 | Vaults:2 | Found a shimmering altar of Xom.
 32521 | Vaults:2 | Reached skill level 15 in Armour
 32623 | Vaults:2 | Gained mutation: You are partially covered in iridescent
                  | scales. (AC +2) [demonic ancestry]
 32623 | Vaults:2 | Reached XP level 19. HP: 139/170 MP: 19/19
 32762 | Vaults:2 | Noticed Boris
 33110 | Elf:1    | Entered Level 1 of the Elven Halls
 34623 | Elf:2    | Reached skill level 10 in Stealth
 34651 | Elf:2    | Found a huge runed gate.
 34651 | Elf:2    | Found a huge runed gate.
 34651 | Elf:2    | Found a huge runed gate.
 34651 | Elf:2    | Found a huge runed gate.
 34652 | Elf:2    | Found a huge runed gate.
 35728 | Elf:2    | Reached skill level 1 in Shields
 37284 | Orc      | Bought the +9 scales of the Dragon King {rPois rF+ rC+ MR+}
                  | for 1372 gold pieces
 37284 | Orc      | Found the +9 scales of the Dragon King {rPois rF+ rC+ MR+}
 37587 | Shoals:1 | Entered Level 1 of the Shoals
 38076 | Shoals:1 | Noticed Frances
 38088 | Shoals:1 | Killed Frances
 38207 | Shoals:1 | Found a shimmering blue altar of Sif Muna.
 38310 | Shoals:1 | Gained mutation: You are mostly covered in iridescent
                  | scales. (AC +4) [demonic ancestry]
 38310 | Shoals:1 | Reached XP level 20. HP: 152/178 MP: 20/20
 38796 | Shoals:2 | Reached skill level 5 in Shields
 38950 | Shoals:2 | Noticed Ilsuiw
 38990 | Shoals:2 | Killed Ilsuiw
 39062 | Shoals:2 | Found Geannoer's Magic Scroll Shoppe.
 39547 | Shoals:3 | Entered Level 3 of the Shoals
 39908 | Shoals:3 | Noticed Aizul
 39940 | Shoals:3 | Killed Aizul
 40199 | Shoals:3 | Got a barnacled rune of Zot
 40938 | Shoals:3 | Noticed Polyphemus
 40958 | Shoals:3 | Killed Polyphemus
 41433 | D:11     | You paid a toll of a +7 plate armour to enter a treasure
                  | trove
 41434 | Trove    | Entered a treasure trove
 41507 | Trove    | Identified Sif Muna's Handbook of Harmful Good Luck
 41651 | Orc      | Bought a spiked medium shield for 275 gold pieces
 41651 | Orc      | Identified the +6 medium shield of Objectivity {rPois rC-
                  | Regen+ Int+6} (You bought it in a shop in the Orcish Mines)
 41997 | Vaults:2 | Killed Boris
 42392 | Vaults:3 | Entered Level 3 of the Vaults
 42402 | Vaults:3 | Reached skill level 16 in Fighting
 42402 | Vaults:3 | Gained mutation: You are completely covered in iridescent
                  | scales. (AC +6) [demonic ancestry]
 42402 | Vaults:3 | Reached XP level 21. HP: 37/188 MP: 11/21
 42689 | Vaults:3 | Identified the cursed amulet "Impapudo" {Inacc Int+4}
 42855 | Vaults:3 | Noticed a golden dragon
 42866 | Vaults:3 | Killed a golden dragon
 42867 | Vaults:3 | Reached skill level 15 in Throwing
 42937 | Vaults:3 | Identified the cursed ring "Ceweeteu" {Ice Str+4}
 43192 | Vaults:3 | Identified the cursed +1 ring mail "Fioraon" {rN+++ Str+3
                  | Int-4 Dex-2}
 43224 | Vaults:3 | Found the +6 Majin-Bo {vamp, *Drain Str+12 Int+24}
 43422 | Vaults:3 | Gained mutation: You regenerate a lot of health from kills.
                  | [demonic ancestry]
 43422 | Vaults:3 | Reached XP level 22. HP: 108/198 MP: 22/22
 43708 | Vaults:3 | Reached skill level 17 in Fighting
 43992 | Vaults:3 | Got a silver rune of Zot
 43994 | Vaults:3 | Identified the +1 ring mail of Intuition {Regen+ Dex+4}
 44804 | Slime:1  | Entered Level 1 of the Pits of Slime
 46288 | Slime:2  | Reached skill level 18 in Fighting
 48126 | Slime:5  | Entered Level 5 of the Pits of Slime
 48129 | Slime:5  | Found a viscous altar of Jiyva.
 48208 | Slime:5  | Noticed the Royal Jelly
 48219 | Slime:5  | Killed the Royal Jelly
 48282 | Slime:5  | Identified the +7 rapier of Exquisite Death {protect, +Rage
                  | Int+9}
 48305 | Slime:5  | Reached skill level 19 in Fighting
 48329 | Slime:5  | Got a slimy rune of Zot
 48348 | Slime:5  | Identified the +3 hunting sling "Leviticus" {freeze, rPois
                  | Str+8 Dex-4}
 48404 | Slime:5  | Identified the +5 hunting sling of Uckuox {venom, rF+
                  | Dex+2}
 48406 | Slime:5  | Identified the ring of Pimynig {+Fly rC++ MR- AC+1 SInv}
 48411 | Slime:5  | Identified the +3 scale mail of Daisies {Dex+5}
 48453 | Slime:5  | Identified the cursed +3 falchion "Jellyslayer" {vamp,
                  | rElec MR+ Stlth+}
 48455 | Slime:5  | Identified the Catalogue of Shifting Battle Magic
 48775 | Orc      | Bought a potion of haste for 140 gold pieces
 48775 | Orc      | Bought a potion of resistance for 140 gold pieces
 48775 | Orc      | Bought a potion of mutation for 112 gold pieces
 48775 | Orc      | Bought a potion of mutation for 112 gold pieces
 48775 | Orc      | Bought a potion of curing for 35 gold pieces
 48841 | Orc      | Bought 2 potions of heal wounds for 130 gold pieces
 48841 | Orc      | Bought a potion of resistance for 130 gold pieces
 48841 | Orc      | Bought a potion of heal wounds for 65 gold pieces
 48841 | Orc      | Bought a potion of might for 52 gold pieces
 48841 | Orc      | Bought a potion of might for 52 gold pieces
 48841 | Orc      | Bought a potion of cancellation for 65 gold pieces
 48841 | Orc      | Bought a potion of mutation for 104 gold pieces
 48841 | Orc      | Bought a potion of curing for 32 gold pieces
 48841 | Orc      | Bought a potion of curing for 32 gold pieces
 48912 | D:8      | Bought a potion of curing for 37 gold pieces
 48912 | D:8      | Bought a potion of haste for 150 gold pieces
 48912 | D:8      | Bought a potion of curing for 37 gold pieces
 48912 | D:8      | Bought a potion of curing for 37 gold pieces
 48912 | D:8      | Bought a potion of curing for 37 gold pieces
 49084 | Vaults:2 | Bought 2 potions of heal wounds for 160 gold pieces
 49084 | Vaults:2 | Bought a potion of haste for 160 gold pieces
 49084 | Vaults:2 | Bought 2 potions of heal wounds for 160 gold pieces
 49084 | Vaults:2 | Bought a potion of cancellation for 80 gold pieces
 49288 | Orc      | Bought a scroll of blinking for 105 gold pieces
 49288 | Orc      | Bought a scroll of teleportation for 42 gold pieces
 49288 | Orc      | Bought a scroll of fear for 70 gold pieces
 49288 | Orc      | Bought a scroll of revelation for 56 gold pieces
 49288 | Orc      | Bought a scroll of revelation for 56 gold pieces
 49288 | Orc      | Bought a scroll of fog for 28 gold pieces
 49288 | Orc      | Bought a scroll of teleportation for 42 gold pieces
 49337 | Orc      | Bought a scroll of blinking for 120 gold pieces
 49337 | Orc      | Bought a scroll of enchant armour for 120 gold pieces
 49337 | Orc      | Bought a scroll of blinking for 120 gold pieces
 49337 | Orc      | Bought a scroll of enchant weapon for 120 gold pieces
 49337 | Orc      | Bought a scroll of revelation for 64 gold pieces
 49710 | Depths:1 | Entered Level 1 of the Depths
 50168 | Depths:1 | Gained mutation: You are very robust. (+20% HP) [demonic
                  | ancestry]
 50168 | Depths:1 | Reached XP level 23. HP: 206/232 MP: 23/23
 50213 | Depths:1 | Found a gateway to Hell.
 50234 | Depths:1 | Reached skill level 10 in Shields
 50437 | Depths:1 | Found a gateway to a ziggurat.
 50901 | Depths:1 | Found a huge runed gate.
 50901 | Depths:1 | Found a huge runed gate.
 50904 | Depths:1 | Found a huge runed gate.
 50906 | Depths:1 | Found a huge runed gate.
 50907 | Depths:1 | Found a huge runed gate.
 50907 | Depths:1 | Found a huge runed gate.
 50908 | Depths:1 | Found a huge runed gate.
 50908 | Depths:1 | Found a huge runed gate.
 50908 | Depths:1 | Found a huge runed gate.
 50908 | Depths:1 | Found a huge runed gate.
 50915 | Depths:1 | Found a huge runed gate.
 50915 | Depths:1 | Found a huge runed gate.
 50938 | Depths:1 | Found a huge runed gate.
 50938 | Depths:1 | Found a huge runed gate.
 50938 | Depths:1 | Found a huge runed gate.
 50938 | Depths:1 | Found a huge runed gate.
 50938 | Depths:1 | Found a huge runed gate.
 50938 | Depths:1 | Found a huge runed gate.
 50939 | Depths:1 | Found a huge runed gate.
 51543 | Depths:2 | Reached skill level 20 in Fighting
 51697 | Depths:2 | Paralysed by a lich for 3 turns
 52627 | Depths:2 | Identified the cursed +0 arbalest of Xiunoq {velocity,
                  | -Tele rN+++ Str+8 Dex-3}
 52792 | Depths:3 | Paralysed by the power of Zot for 2 turns
 52837 | Depths:3 | Identified the cursed +0 medium shield of the Hot Ocelot
                  | {rC+ Dex+2}
 52837 | Depths:3 | Noticed Asterion
 53103 | Depths:3 | Reached skill level 15 in Shields
 53260 | Depths:3 | Gained mutation: You are extremely robust. (+30% HP)
                  | [demonic ancestry]
 53260 | Depths:3 | Reached XP level 24. HP: 232/265 MP: 23/23
 53347 | Depths:3 | Found a one-way gate leading to the halls of Pandemonium.
 53381 | Depths:3 | Killed Asterion
 53675 | Depths:3 | Found a runed door.
 53833 | Depths:3 | Found the +7 Singing Sword {slice}
 54028 | Depths:4 | Found Tagh's Distillery.
 54144 | Depths:4 | Found a flickering gateway to a bazaar.
 54179 | Bazaar   | Entered a bazaar
 54179 | Bazaar   | Found Parrapun's Distillery.
 54179 | Bazaar   | Found Joih's Gadget Shop.
 54197 | Bazaar   | Found Qacij's Antique Weapon Emporium.
 54209 | Bazaar   | Found Paexy's Antique Armour Boutique.
 54220 | Bazaar   | Found Siaqoseo's General Store.
 54267 | Bazaar   | Bought a potion of heal wounds for 30 gold pieces
 54267 | Bazaar   | Bought a potion of agility for 24 gold pieces
 54267 | Bazaar   | Bought a potion of might for 24 gold pieces
 54267 | Bazaar   | Bought a potion of lignification for 18 gold pieces
 54267 | Bazaar   | Bought 2 potions of flight for 48 gold pieces
 54315 | Depths:4 | Bought a potion of might for 68 gold pieces
 54315 | Depths:4 | Noticed a Killer Klown
 54323 | Depths:4 | Killed a Killer Klown
 54396 | Depths:4 | Noticed a golden dragon
 54396 | Depths:4 | Noticed a juggernaut
 54424 | Depths:4 | Killed a juggernaut
 54660 | Depths:4 | Killed a golden dragon
 54976 | Depths:4 | Noticed a juggernaut
 55129 | Depths:4 | Noticed a Killer Klown
 55136 | Depths:4 | Killed a Killer Klown
 55144 | Depths:4 | Noticed a golden dragon
 55149 | Depths:4 | Killed a golden dragon
 55157 | Depths:4 | Noticed a juggernaut
 55176 | Depths:4 | Killed a juggernaut
 55317 | Depths:4 | Found Ceal's Mayhem Merchandise.
 55333 | Depths:4 | Found Siasih's Food Shoppe.
 55364 | Depths:4 | Killed a juggernaut
 55733 | Depths:4 | Voluntarily entered the Abyss.
 55768 | Abyss:1  | Found a corrupted altar of Lugonu.
 55787 | Abyss:1  | Found a corrupted altar of Lugonu.
 55821 | Abyss:2  | Found a corrupted altar of Lugonu.
 56051 | Abyss:3  | Reached XP level 25. HP: 267/273 MP: 23/23
 56257 | Abyss:3  | Paralysed by accursed screaming for 2 turns
 56263 | Abyss:3  | Paralysed by accursed screaming for 2 turns
 56272 | Abyss:3  | Paralysed by accursed screaming for 1 turns
 56377 | Abyss:5  | Entered Level 5 of the Abyss
 56377 | Abyss:5  | Entered Level 5 of the Abyss
 56460 | Abyss:5  | Found a runed door.
 56465 | Abyss:5  | Found a runed door.
 56480 | Abyss:5  | Found a runed door.
 56483 | Abyss:5  | Found a runed door.
 56509 | Abyss:5  | Found a runed door.
 56515 | Abyss:5  | Found a runed door.
 56517 | Abyss:5  | Found a runed door.
 56535 | Abyss:5  | Found a corrupted altar of Lugonu.
 56536 | Abyss:5  | Found a runed door.
 56537 | Abyss:5  | Found a runed door.
 56538 | Abyss:5  | Found a runed door.
 56542 | Abyss:5  | Got an abyssal rune of Zot
 56542 | Abyss:5  | Found a runed door.
 56542 | Abyss:5  | Found a runed door.
 56549 | Abyss:5  | Found a runed door.
 56552 | Abyss:5  | Found a runed door.
 56554 | Abyss:5  | Found a runed door.
 56557 | Depths:4 | Escaped the Abyss
 56710 | Depths:5 | Entered Level 5 of the Depths
 56738 | Depths:5 | Paralysed by a floating eye for 2 turns
 56743 | Depths:5 | Paralysed by a floating eye for 3 turns
 56876 | Depths:5 | Noticed a juggernaut
 56896 | Depths:5 | Killed a juggernaut
 56984 | Depths:5 | Noticed a golden dragon
 57009 | Depths:5 | Killed a golden dragon
 57153 | Depths:5 | Reached skill level 15 in Stealth
 57209 | Depths:5 | Noticed a Killer Klown
 57216 | Depths:5 | Killed a Killer Klown
 57340 | Depths:5 | Found a gate to the Realm of Zot.
 57526 | Zot:1    | Entered Level 1 of the Realm of Zot
 57822 | Zot:1    | Noticed a golden dragon
 57832 | Zot:1    | Killed a golden dragon
 58208 | Zot:2    | Reached XP level 26. HP: 243/283 MP: 23/23
 58924 | Zot:2    | Identified the +8 flail of Inquiry {crush, +Fly rPois rF+
                  | rC+}
 60296 | Zot:4    | Noticed a golden dragon
 60307 | Zot:4    | Killed a golden dragon
 61184 | Zot:5    | Entered Level 5 of the Realm of Zot
 61850 | Zot:5    | Noticed a Killer Klown
 61866 | Zot:5    | Killed a Killer Klown
 62121 | Zot:5    | Noticed a Killer Klown
 62154 | Zot:5    | Killed a Killer Klown
 62155 | Zot:5    | Reached XP level 27. HP: 279/295 MP: 23/23
 62203 | Zot:5    | Reached skill level 21 in Fighting
 62220 | Zot:5    | Noticed an ancient lich
 62440 | Zot:5    | Killed an ancient lich
 62803 | Zot:5    | Noticed an ancient lich
 62810 | Zot:5    | Killed an ancient lich
 62969 | Zot:5    | Noticed an orb of fire
 62987 | Zot:5    | Gained mutation: Your spells are a little easier to cast,
                  | but a little less powerful. [an orb of fire]
 62998 | Zot:5    | Gained mutation: Armour fits poorly on your strangely
                  | shaped body. [an orb of fire]
 63002 | Zot:5    | Killed an orb of fire
 63083 | Zot:5    | Noticed an ancient lich
 63088 | Zot:5    | Killed an ancient lich
 63091 | Zot:5    | Noticed an orb of fire
 63092 | Zot:5    | Gained mutation: Your magical capacity is low. (-10% MP)
                  | [an orb of fire]
 63108 | Zot:5    | Killed an orb of fire
 63430 | Zot:5    | Noticed an ancient lich
 63432 | Zot:5    | Noticed an orb of fire
 63438 | Zot:5    | Killed an ancient lich
 63444 | Zot:5    | Killed an orb of fire
 63473 | Zot:5    | Reached skill level 22 in Fighting
 63503 | Zot:5    | Noticed an orb of fire
 63518 | Zot:5    | Gained mutation: You passively map the area around you. [an
                  | orb of fire]
 63524 | Zot:5    | Gained mutation: Scrolls take you a little longer to read.
                  | [an orb of fire]
 63526 | Zot:5    | Gained mutation: You are very weak. (Str -4) [an orb of
                  | fire]
 63534 | Zot:5    | Killed an orb of fire
 63626 | Zot:5    | Got the Orb of Zot
 63633 | Zot:5    | Noticed Birphevo the pandemonium lord
 64237 | D:$      | Escaped with the Orb!

Skill      XL: |  1  2  3  4  5  6  7  8  9 10 11 12 13 14 15 16 17 18 19 20 21 22 23 24 25 26 27 |
---------------+----------------------------------------------------------------------------------+-----
Dodging        | 2 1 5 |  5.0
Throwing       | 2 3 5 7 10 11 13 16 18 | 18.0
Armour         | 2 3 5 4 7 8 10 11 15 17 18 20 | 20.0
Fighting       | 3 4 5 6 9 10 11 12 13 15 16 19 20 22 | 22.0
Maces & Flails | 2 4 6 8 10 9 10 11 13 16 | 16.9
Stealth        | 5 10 13 15 | 15.0
Polearms       | 0 |  0.8
Shields        | 4 8 9 15 16 17 18 | 18.0

Action                   |  1- 3 |  4- 6 |  7- 9 | 10-12 | 13-15 | 16-18 | 19-21 | 22-24 | 25-27 || total
-------------------------+-------+-------+-------+-------+-------+-------+-------+-------+-------++-------
Melee: Dagger            |   125 |    80 |       |       |       |       |       |       |       ||   205
       Kick              |    15 |    29 |    77 |   215 |   421 |   254 |   375 |   661 |   521 ||  2568
       Whip              |       |    38 |   221 |   571 |   947 |       |       |       |       ||  1777
       Eveningstar       |       |       |       |       |   224 |   670 |  1067 |  1385 |  1076 ||  4422
 Fire: Arbalest          |       |    13 |       |       |       |       |       |       |       ||    13
       Blowgun           |       |       |       |       |       |       |    43 |       |       ||    43
Throw: Tomahawk          |    24 |    31 |    51 |    34 |    75 |   394 |   307 |   155 |   146 ||  1217
       Javelin           |       |       |       |       |   244 |    29 |    60 |   221 |   418 ||   972
       Throwing net      |       |       |       |       |       |       |       |       |     2 ||     2
Invok: Sacrifice Resista |       |       |     1 |       |       |       |       |       |       ||     1
       Sacrifice Artific |       |       |       |     1 |       |       |       |       |       ||     1
       Apocalypse        |       |       |       |     2 |     8 |     3 |     9 |     4 |     2 ||    28
       Sacrifice Skill   |       |       |       |     1 |       |       |       |       |       ||     1
       Power Leap        |       |       |       |       |       |       |     2 |     3 |     1 ||     6
       Draw Out Power    |       |       |       |       |       |       |     1 |       |       ||     1
Evoke: Wand              |       |       |     9 |       |       |       |       |       |       ||     9
  Use: Scroll            |     3 |     1 |     4 |     6 |    30 |     6 |     9 |    11 |    12 ||    82
       Potion            |       |       |     2 |     3 |    15 |     2 |    13 |     8 |    20 ||    63
 Stab: Sleeping          |     2 |       |       |       |       |       |     1 |       |       ||     3
       Paralysed         |       |     1 |     4 |    18 |    32 |    17 |    17 |     7 |    21 ||   117
       Distracted        |       |       |     2 |     5 |    12 |     5 |     9 |     5 |    12 ||    50
       Invisible         |       |       |       |     9 |    11 |    10 |    19 |     9 |     9 ||    67
       Petrified         |       |       |       |       |       |       |     3 |       |       ||     3
       Confused          |       |       |       |       |       |       |       |     2 |       ||     2
       Held in net/web   |       |       |       |       |       |       |       |       |     2 ||     2
  Eat: Chunk             |     5 |     9 |    17 |    32 |    41 |    34 |    43 |    27 |     5 ||   213
       Ration            |       |     2 |       |     1 |     6 |     3 |     5 |    13 |    15 ||    45
Armor: Robe              |    24 |       |       |       |       |       |       |       |       ||    24
       Ring mail         |     3 |    44 |    62 |    55 |       |       |       |       |       ||   164
       Chain mail        |       |       |       |   145 |   259 |       |       |       |       ||   404
       Plate armour      |       |       |       |       |    66 |       |       |       |       ||    66
       Pearl dragon scal |       |       |       |       |   170 |   293 |   140 |       |       ||   603
       Scale mail        |       |       |       |       |    28 |       |       |       |       ||    28
       Gold dragon scale |       |       |       |       |       |       |   577 |   762 |   701 ||  2040
Dodge: Dodged            |    71 |    87 |   130 |   209 |   518 |   297 |   262 |   170 |   228 ||  1972
Block: Buckler           |       |       |       |       |       |       |   241 |     8 |       ||   249
       Medium shield     |       |       |       |       |       |       |       |   649 |   569 ||  1218
